3266 views
Uploaded 2020-02-15 19:43:53
Game version 1.32 / 1.32.1
113:55 long 4on4 ladder game on (8)TwilightRuins_LV
Saved by iggythefisk
3266 views
Uploaded 2020-02-15 19:43:53
Game version 1.32 / 1.32.1
113:55 long 4on4 ladder game on (8)TwilightRuins_LV


138 units @ 15.8k
/ 1.8k
308 buildings @ 21.2k
/ 10.2k



| Staff of Sanctuary | 3 | 750 |
| Boots of Speed | 2 | 500 |
| Staff of Teleportation | 2 | 300 |
| Healing Salve | 3 | 300 |
| Orb of Corruption | 1 | 375 |
| Orb of Lightning | 1 | 375 |
| Ring of Protection +4 | 1 | 300 |
| total: | 13 | 2900g |
| Peasant | 29 | 2175 | / | 0 |
| Dragonhawk Rider | 13 | 2600 | / | 390 |
| Goblin Zeppelin | 1 | 240 | / | 60 |
| total: | 43 | 5015g | / | 450w |
| Scout Tower | 97 | 2910 | / | 1940 |
| Guard Tower | 47 | 3290 | / | 2350 |
| Altar of Kings | 4 | 720 | / | 200 |
| Farm | 9 | 720 | / | 180 |
| Lumber Mill | 1 | 120 | / | 0 |
| Town Hall | 3 | 1155 | / | 615 |
| Arcane Vault | 2 | 260 | / | 60 |
| Barracks | 1 | 160 | / | 60 |
| Blacksmith | 1 | 140 | / | 60 |
| Arcane Sanctum | 1 | 150 | / | 140 |
| Gryphon Aviary | 1 | 140 | / | 150 |
| Keep | 1 | 320 | / | 210 |
| Castle | 1 | 360 | / | 210 |
| total: | 120 | 6475g | / | 3405w |
| 0:01 | Peasant |
| 0:04 | Altar of Kings |
| 0:08 | Altar of Kings |
| 0:10 | Peasant |
| 0:20 | Farm |
| 0:28 | Peasant |
| 0:32 | Lumber Mill |
| 0:44 | Peasant |
| 0:54 | Peasant |
| 1:05 | Peasant |
| 1:11 | Scout Tower |
| 1:23 | Scout Tower |
| 1:25 | Peasant |
| 1:29 | Farm |
| 1:31 | Farm |
| 1:40 | Guard Tower |
| 1:44 | Peasant |
| 2:05 | Guard Tower |
| 2:06 | Scout Tower |
| 2:07 | Scout Tower |
| 2:09 | Peasant |
| 2:19 | Peasant |
| 2:22 | Farm |
| 2:37 | Guard Tower |
| 2:38 | Scout Tower |
| 2:41 | Blizzard |
| 2:58 | Scout Tower |
| 2:58 | Scout Tower |
| 2:59 | Scout Tower |
| 3:10 | Guard Tower |
| 3:13 | Peasant |
| 3:13 | Peasant |
| 3:17 | Scout Tower |
| 3:18 | Scout Tower |
| 4:09 | Guard Tower |
| 4:11 | Scout Tower |
| 4:11 | Scout Tower |
| 4:13 | Healing Salve |
| 4:18 | Guard Tower |
| 4:20 | Scout Tower |
| 4:20 | Scout Tower |
| 4:21 | Scout Tower |
| 4:22 | Scout Tower |
| 4:22 | Scout Tower |
| 4:23 | Scout Tower |
| 4:24 | Guard Tower |
| 4:25 | Peasant |
| 4:25 | Peasant |
| 4:42 | Improved Masonry |
| 5:13 | Brilliance Aura |
| 5:19 | Guard Tower |
| 5:21 | Scout Tower |
| 5:21 | Scout Tower |
| 5:23 | Scout Tower |
| 5:24 | Scout Tower |
| 5:25 | Scout Tower |
| 5:27 | Peasant |
| 5:27 | Peasant |
| 5:30 | Guard Tower |
| 5:32 | Scout Tower |
| 5:32 | Scout Tower |
| 6:20 | Guard Tower |
| 6:22 | Scout Tower |
| 6:22 | Scout Tower |
| 6:23 | Scout Tower |
| 7:00 | Healing Salve |
| 7:04 | Guard Tower |
| 7:05 | Guard Tower |
| 7:06 | Guard Tower |
| 7:08 | Scout Tower |
| 7:08 | Scout Tower |
| 7:54 | Guard Tower |
| 7:55 | Scout Tower |
| 7:55 | Scout Tower |
| 7:56 | Scout Tower |
| 7:57 | Peasant |
| 7:57 | Peasant |
| 8:00 | Guard Tower |
| 8:23 | Guard Tower |
| 8:31 | Blizzard |
| 8:39 | Keep |
| 8:49 | Healing Salve |
| 8:55 | Guard Tower |
| 9:24 | Guard Tower |
| 9:28 | Scout Tower |
| 9:29 | Scout Tower |
| 9:29 | Scout Tower |
| 9:37 | Scout Tower |
| 9:39 | Scout Tower |
| 9:39 | Scout Tower |
| 9:40 | Scout Tower |
| 10:16 | Town Hall |
| 10:55 | Scout Tower |
| 10:56 | Scout Tower |
| 11:31 | Brilliance Aura |
| 11:37 | Scout Tower |
| 11:37 | Scout Tower |
| 11:43 | Guard Tower |
| 12:01 | Guard Tower |
| 12:03 | Scout Tower |
| 12:03 | Scout Tower |
| 12:09 | Scout Tower |
| 12:09 | Scout Tower |
| 12:15 | Guard Tower |
| 12:16 | Scout Tower |
| 12:16 | Scout Tower |
| 12:17 | Scout Tower |
| 12:17 | Scout Tower |
| 12:19 | Peasant |
| 12:19 | Peasant |
| 12:19 | Advanced Masonry |
| 12:38 | Guard Tower |
| 12:44 | Storm Bolt |
| 12:49 | Castle |
| 13:06 | Guard Tower |
| 13:07 | Scout Tower |
| 13:07 | Scout Tower |
| 13:15 | Guard Tower |
| 13:16 | Scout Tower |
| 13:17 | Scout Tower |
| 13:20 | Guard Tower |
| 13:25 | Scout Tower |
| 13:27 | Scout Tower |
| 13:27 | Scout Tower |
| 13:36 | Arcane Sanctum |
| 13:45 | Guard Tower |
| 13:48 | Farm |
| 13:56 | Guard Tower |
| 14:09 | Boots of Speed |
| 14:16 | Guard Tower |
| 14:19 | Scout Tower |
| 14:20 | Scout Tower |
| 14:21 | Scout Tower |
| 14:21 | Scout Tower |
| 14:31 | Scout Tower |
| 14:32 | Scout Tower |
| 14:32 | Scout Tower |
| 14:33 | Scout Tower |
| 14:33 | Scout Tower |
| 14:34 | Scout Tower |
| 14:53 | Guard Tower |
| 14:54 | Scout Tower |
| 14:54 | Scout Tower |
| 14:55 | Scout Tower |
| 15:30 | Orb of Corruption |
| 15:35 | Guard Tower |
| 15:37 | Peasant |
| 15:38 | Imbued Masonry |
| 16:45 | Town Hall |
| 16:56 | Bash |
| 17:20 | Holy Light |
| 17:30 | Guard Tower |
| 17:31 | Altar of Kings |
| 18:33 | Arcane Vault |
| 20:07 | Peasant |
| 20:07 | Peasant |
| 20:10 | Peasant |
| 20:10 | Peasant |
| 20:27 | Peasant |
| 20:31 | Staff of Sanctuary |
| 20:39 | Peasant |
| 21:02 | Blizzard |
| 21:08 | Scout Tower |
| 21:08 | Scout Tower |
| 21:21 | Divine Shield |
| 22:08 | Peasant |
| 22:08 | Peasant |
| 22:35 | Guard Tower |
| 22:36 | Guard Tower |
| 22:37 | Scout Tower |
| 22:37 | Scout Tower |
| 22:38 | Scout Tower |
| 22:39 | Scout Tower |
| 22:39 | Scout Tower |
| 22:40 | Scout Tower |
| 22:41 | Scout Tower |
| 23:18 | Guard Tower |
| 23:26 | Scout Tower |
| 23:28 | Staff of Sanctuary |
| 23:44 | Scout Tower |
| 23:44 | Scout Tower |
| 23:45 | Guard Tower |
| 23:48 | Scout Tower |
| 23:48 | Scout Tower |
| 24:12 | Staff of Teleportation |
| 24:14 | Boots of Speed |
| 24:20 | Guard Tower |
| 24:23 | Scout Tower |
| 24:23 | Scout Tower |
| 24:24 | Scout Tower |
| 24:25 | Scout Tower |
| 24:26 | Scout Tower |
| 24:27 | Scout Tower |
| 24:30 | Guard Tower |
| 24:36 | Storm Bolt |
| 25:12 | Guard Tower |
| 25:19 | Goblin Zeppelin |
| 25:25 | Guard Tower |
| 25:25 | Guard Tower |
| 26:00 | Guard Tower |
| 26:03 | Scout Tower |
| 26:03 | Scout Tower |
| 26:56 | Guard Tower |
| 27:10 | Magic Sentry |
| 27:15 | Staff of Sanctuary |
| 27:28 | Farm |
| 27:33 | Farm |
| 28:54 | Barracks |
| 29:24 | Staff of Teleportation |
| 29:49 | Guard Tower |
| 30:18 | Blacksmith |
| 32:18 | Mass Teleport |
| 32:33 | Holy Light |
| 32:52 | Orb of Lightning |
| 33:19 | Bash |
| 34:46 | Studded Leather Armor |
| 35:50 | Gryphon Aviary |
| 36:34 | Scout Tower |
| 36:35 | Scout Tower |
| 36:36 | Scout Tower |
| 37:41 | Ring of Protection +4 |
| 38:44 | Dragonhawk Rider |
| 38:46 | Animal War Training |
| 38:47 | Reinforced Leather Armor |
| 38:58 | Guard Tower |
| 38:58 | Guard Tower |
| 39:04 | Town Hall |
| 39:50 | Divine Shield |
| 40:56 | Storm Bolt |
| 42:07 | Arcane Vault |
| 43:31 | Dragonhawk Rider |
| 43:32 | Dragonhawk Rider |
| 45:27 | Dragonhawk Rider |
| 45:27 | Dragonhawk Rider |
| 48:24 | Dragonhawk Rider |
| 48:24 | Dragonhawk Rider |
| 49:19 | Dragonhawk Rider |
| 51:06 | Dragonhawk Rider |
| 51:07 | Dragonhawk Rider |
| 51:23 | Holy Light |
| 54:04 | Brilliance Aura |
| 55:54 | Dragonhawk Rider |
| 55:55 | Dragonhawk Rider |
| 56:50 | Avatar |
| 61:44 | Dragonhawk Rider |
| 64:50 | Altar of Kings |
| 65:14 | Bash |
| 65:15 | Divine Shield |
| 72:15 | Summon Water Elemental |
| 76:09 | Devotion Aura |
| 90:51 | Farm |
| 90:54 | Farm |
| 96:25 | Thunder Clap |
| 113:36 | Summon Water Elemental |
| 113:43 | Resurrection |
| Right click | 10724 |
| Select | 3671 |
| Select group | 3096 |
| Assign group | 522 |
| Use ability | 476 |
| Build/train/purchase | 389 |
| Chat | 150 |
| Minimap ping | 91 |
| Resource trade | 30 |
| Misc. action | 24 |
| Item give/drop | 4 |
⇛
iggythefisk
(113:54) : 


x1)
| Scroll of Regeneration | 1 | 100 |
| Staff of Sanctuary | 3 | 750 |
| Lesser Clarity Potion | 4 | 280 |
| Boots of Speed | 3 | 750 |
| Staff of Teleportation | 3 | 450 |
| Tome of Retraining | 1 | 300 |
| Healing Salve | 2 | 200 |
| Claws of Attack +12 | 1 | 500 |
| Legion Doom-Horn | 1 | 500 |
| total: | 19 | 3830g |
| Peasant | 19 | 1425 | / | 0 |
| Priest | 2 | 270 | / | 20 |
| Goblin Zeppelin | 2 | 480 | / | 120 |
| total: | 23 | 2175g | / | 140w |
| Scout Tower | 113 | 3390 | / | 2260 |
| Arcane Tower | 7 | 490 | / | 350 |
| Guard Tower | 45 | 3150 | / | 2250 |
| Altar of Kings | 1 | 180 | / | 50 |
| Farm | 4 | 320 | / | 80 |
| Lumber Mill | 1 | 120 | / | 0 |
| Arcane Vault | 3 | 390 | / | 90 |
| Town Hall | 2 | 770 | / | 410 |
| Arcane Sanctum | 1 | 150 | / | 140 |
| Keep | 1 | 320 | / | 210 |
| Castle | 1 | 360 | / | 210 |
| total: | 125 | 5320g | / | 3030w |
| 0:01 | Peasant |
| 0:03 | Altar of Kings |
| 0:07 | Peasant |
| 0:17 | Farm |
| 0:18 | Peasant |
| 0:26 | Peasant |
| 0:34 | Peasant |
| 0:53 | Peasant |
| 0:55 | Farm |
| 1:15 | Scout Tower |
| 1:17 | Peasant |
| 1:21 | Lumber Mill |
| 1:23 | Peasant |
| 1:30 | Peasant |
| 1:32 | Scout Tower |
| 1:37 | Peasant |
| 1:51 | Peasant |
| 1:55 | Arcane Tower |
| 1:55 | Scout Tower |
| 2:02 | Peasant |
| 2:05 | Blizzard |
| 2:09 | Arcane Tower |
| 2:26 | Scout Tower |
| 2:31 | Improved Masonry |
| 2:39 | Guard Tower |
| 2:47 | Peasant |
| 2:49 | Scout Tower |
| 3:07 | Peasant |
| 3:14 | Guard Tower |
| 3:18 | Scout Tower |
| 3:24 | Arcane Tower |
| 3:47 | Guard Tower |
| 3:48 | Scout Tower |
| 4:16 | Guard Tower |
| 4:18 | Scout Tower |
| 4:28 | Scout Tower |
| 4:31 | Keep |
| 5:05 | Arcane Vault |
| 5:06 | Guard Tower |
| 5:18 | Guard Tower |
| 5:20 | Scout Tower |
| 5:21 | Scout Tower |
| 5:46 | Brilliance Aura |
| 5:59 | Boots of Speed |
| 5:59 | Staff of Teleportation |
| 6:13 | Guard Tower |
| 6:16 | Scout Tower |
| 6:17 | Scout Tower |
| 7:15 | Blizzard |
| 7:19 | Town Hall |
| 7:25 | Scout Tower |
| 7:25 | Scout Tower |
| 7:31 | Farm |
| 7:32 | Farm |
| 7:33 | Guard Tower |
| 7:41 | Advanced Masonry |
| 7:48 | Scroll of Regeneration |
| 7:57 | Scout Tower |
| 8:07 | Arcane Tower |
| 8:10 | Scout Tower |
| 8:10 | Scout Tower |
| 8:18 | Scout Tower |
| 8:20 | Scout Tower |
| 8:29 | Guard Tower |
| 8:30 | Scout Tower |
| 8:32 | Scout Tower |
| 8:44 | Peasant |
| 8:49 | Healing Salve |
| 9:07 | Guard Tower |
| 9:07 | Scout Tower |
| 9:08 | Scout Tower |
| 9:10 | Scout Tower |
| 9:10 | Scout Tower |
| 9:26 | Storm Bolt |
| 9:31 | Guard Tower |
| 9:33 | Peasant |
| 9:35 | Scout Tower |
| 9:37 | Scout Tower |
| 9:37 | Scout Tower |
| 9:55 | Castle |
| 10:08 | Boots of Speed |
| 10:17 | Staff of Teleportation |
| 10:46 | Peasant |
| 10:47 | Guard Tower |
| 10:48 | Scout Tower |
| 11:19 | Guard Tower |
| 11:21 | Scout Tower |
| 11:22 | Scout Tower |
| 11:30 | Improved Lumber Harvesting |
| 11:32 | Arcane Sanctum |
| 11:40 | Scout Tower |
| 11:40 | Scout Tower |
| 12:13 | Guard Tower |
| 12:15 | Peasant |
| 12:15 | Peasant |
| 12:28 | Arcane Vault |
| 12:30 | Guard Tower |
| 12:34 | Scout Tower |
| 12:36 | Scout Tower |
| 12:48 | Bash |
| 12:52 | Scout Tower |
| 12:53 | Guard Tower |
| 12:55 | Magic Sentry |
| 13:01 | Goblin Zeppelin |
| 13:19 | Guard Tower |
| 13:21 | Scout Tower |
| 13:29 | Scout Tower |
| 13:29 | Guard Tower |
| 13:34 | Scout Tower |
| 13:35 | Scout Tower |
| 13:37 | Brilliance Aura |
| 13:50 | Guard Tower |
| 13:54 | Arcane Vault |
| 13:55 | Holy Light |
| 14:04 | Guard Tower |
| 14:07 | Scout Tower |
| 14:07 | Scout Tower |
| 14:10 | Imbued Masonry |
| 14:11 | Priest Adept Training |
| 14:11 | Priest |
| 14:23 | Claws of Attack +12 |
| 14:29 | Staff of Teleportation |
| 14:30 | Boots of Speed |
| 14:35 | Guard Tower |
| 14:35 | Scout Tower |
| 14:42 | Staff of Sanctuary |
| 14:54 | Staff of Sanctuary |
| 15:02 | Guard Tower |
| 15:03 | Scout Tower |
| 15:04 | Scout Tower |
| 15:07 | Arcane Tower |
| 15:14 | Scout Tower |
| 15:28 | Scout Tower |
| 15:50 | Guard Tower |
| 15:51 | Scout Tower |
| 16:25 | Guard Tower |
| 16:27 | Scout Tower |
| 16:28 | Scout Tower |
| 16:28 | Scout Tower |
| 16:29 | Scout Tower |
| 16:29 | Scout Tower |
| 17:03 | Guard Tower |
| 17:05 | Guard Tower |
| 17:08 | Scout Tower |
| 17:09 | Scout Tower |
| 17:09 | Scout Tower |
| 17:09 | Scout Tower |
| 17:10 | Scout Tower |
| 17:10 | Scout Tower |
| 17:11 | Scout Tower |
| 17:11 | Scout Tower |
| 17:12 | Guard Tower |
| 17:14 | Advanced Lumber Harvesting |
| 17:49 | Guard Tower |
| 17:57 | Guard Tower |
| 18:11 | Guard Tower |
| 18:20 | Lesser Clarity Potion |
| 18:25 | Lesser Clarity Potion |
| 19:07 | Guard Tower |
| 19:14 | Scout Tower |
| 20:03 | Storm Bolt |
| 20:14 | Guard Tower |
| 20:17 | Scout Tower |
| 20:18 | Scout Tower |
| 20:27 | Scout Tower |
| 20:28 | Scout Tower |
| 20:28 | Scout Tower |
| 20:29 | Scout Tower |
| 20:29 | Scout Tower |
| 20:30 | Scout Tower |
| 20:31 | Guard Tower |
| 20:37 | Scout Tower |
| 20:37 | Scout Tower |
| 21:03 | Priest Master Training |
| 21:04 | Priest |
| 21:29 | Divine Shield |
| 21:34 | Guard Tower |
| 21:36 | Scout Tower |
| 21:36 | Scout Tower |
| 21:38 | Arcane Tower |
| 21:40 | Arcane Tower |
| 21:44 | Scout Tower |
| 21:44 | Scout Tower |
| 22:30 | Guard Tower |
| 22:34 | Scout Tower |
| 22:35 | Scout Tower |
| 22:35 | Scout Tower |
| 22:36 | Scout Tower |
| 23:19 | Guard Tower |
| 23:22 | Guard Tower |
| 23:28 | Scout Tower |
| 23:28 | Scout Tower |
| 23:30 | Guard Tower |
| 24:15 | Staff of Sanctuary |
| 24:24 | Guard Tower |
| 24:32 | Scout Tower |
| 24:33 | Scout Tower |
| 24:33 | Scout Tower |
| 24:33 | Scout Tower |
| 24:34 | Scout Tower |
| 24:34 | Scout Tower |
| 24:35 | Scout Tower |
| 24:35 | Scout Tower |
| 25:18 | Scout Tower |
| 25:18 | Scout Tower |
| 25:19 | Scout Tower |
| 25:19 | Scout Tower |
| 25:20 | Scout Tower |
| 25:20 | Scout Tower |
| 25:21 | Scout Tower |
| 25:22 | Scout Tower |
| 26:54 | Devotion Aura |
| 26:56 | Bash |
| 27:17 | Guard Tower |
| 30:25 | Town Hall |
| 30:42 | Goblin Zeppelin |
| 31:37 | Blizzard |
| 34:38 | Lesser Clarity Potion |
| 34:40 | Healing Salve |
| 34:45 | Lesser Clarity Potion |
| 35:38 | Tome of Retraining |
| 35:38 | Retrain Hero |
| 35:40 | Holy Light |
| 35:41 | Divine Shield |
| 36:19 | Scout Tower |
| 36:20 | Scout Tower |
| 36:21 | Scout Tower |
| 36:21 | Scout Tower |
| 36:22 | Scout Tower |
| 36:22 | Scout Tower |
| 36:22 | Scout Tower |
| 36:23 | Scout Tower |
| 36:38 | Divine Shield |
| 38:28 | Legion Doom-Horn |
| 39:01 | Guard Tower |
| 39:04 | Scout Tower |
| 39:04 | Scout Tower |
| 40:46 | Guard Tower |
| 40:47 | Scout Tower |
| 40:49 | Scout Tower |
| 41:41 | Guard Tower |
| 41:42 | Scout Tower |
| 42:25 | Guard Tower |
| 42:37 | Scout Tower |
| 43:13 | Guard Tower |
| 50:37 | Storm Bolt |
| 56:39 | Brilliance Aura |
| 57:55 | Holy Light |
| 61:42 | Avatar |
| 66:42 | Mass Teleport |
| 68:41 | Divine Shield |
| 87:49 | Bash |
| 99:23 | Summon Water Elemental |
| 106:05 | Devotion Aura |
| Right click | 8758 |
| Select group | 7755 |
| Select | 1122 |
| Assign group | 928 |
| Chat | 636 |
| Use ability | 634 |
| Build/train/purchase | 235 |
| Resource trade | 139 |
| Misc. action | 43 |
| Item give/drop | 7 |
| Minimap ping | 4 |


| Healing Salve | 3 | 300 |
| Orb of Lightning | 1 | 375 |
| Boots of Speed | 2 | 500 |
| Staff of Teleportation | 2 | 300 |
| Staff of Sanctuary | 2 | 500 |
| Helm of Valor | 1 | 500 |
| total: | 11 | 2475g |
| Peon | 19 | 1425 | / | 0 |
| Troll Batrider | 27 | 4320 | / | 1080 |
| total: | 46 | 5745g | / | 1080w |
| Watch Tower | 25 | 2750 | / | 2000 |
| Altar of Storms | 2 | 360 | / | 100 |
| Orc Burrow | 4 | 640 | / | 160 |
| War Mill | 1 | 205 | / | 0 |
| Voodoo Lounge | 3 | 390 | / | 90 |
| Great Hall | 1 | 385 | / | 185 |
| Beastiary | 3 | 435 | / | 420 |
| Stronghold | 1 | 315 | / | 190 |
| Fortress | 1 | 325 | / | 190 |
| total: | 39 | 5165g | / | 2955w |
| 0:02 | Peon |
| 0:03 | Peon |
| 0:05 | Altar of Storms |
| 0:18 | Orc Burrow |
| 0:33 | War Mill |
| 0:36 | Peon |
| 0:46 | Peon |
| 1:07 | Voodoo Lounge |
| 1:11 | Peon |
| 1:20 | Peon |
| 1:32 | Peon |
| 1:46 | Peon |
| 1:51 | Watch Tower |
| 2:07 | Orc Burrow |
| 2:09 | Wind Walk |
| 2:11 | Healing Salve |
| 2:16 | Peon |
| 2:50 | Watch Tower |
| 3:24 | Peon |
| 3:24 | Peon |
| 3:24 | Peon |
| 3:25 | Peon |
| 3:38 | Watch Tower |
| 3:40 | Watch Tower |
| 3:59 | Watch Tower |
| 4:23 | Peon |
| 4:23 | Peon |
| 4:51 | Boots of Speed |
| 4:51 | Staff of Teleportation |
| 5:01 | Peon |
| 5:01 | Peon |
| 5:15 | Voodoo Lounge |
| 5:33 | Peon |
| 5:33 | Peon |
| 6:10 | Watch Tower |
| 6:11 | Watch Tower |
| 6:13 | Watch Tower |
| 6:26 | Watch Tower |
| 6:32 | Voodoo Lounge |
| 6:47 | Watch Tower |
| 6:56 | Watch Tower |
| 7:08 | Watch Tower |
| 7:10 | Watch Tower |
| 7:20 | Critical Strike |
| 7:27 | Watch Tower |
| 7:31 | Watch Tower |
| 7:50 | Watch Tower |
| 8:20 | Watch Tower |
| 8:27 | Stronghold |
| 8:39 | Watch Tower |
| 9:09 | Watch Tower |
| 9:52 | Orc Burrow |
| 9:59 | Watch Tower |
| 10:01 | Healing Salve |
| 10:56 | Beastiary |
| 10:57 | Beastiary |
| 11:03 | Fortress |
| 11:35 | Reinforced Defenses |
| 11:42 | Wind Walk |
| 11:51 | Orc Burrow |
| 12:15 | Troll Batrider |
| 12:36 | Hex |
| 12:48 | Troll Batrider |
| 13:27 | Liquid Fire |
| 13:39 | Orb of Lightning |
| 13:45 | Troll Batrider |
| 14:16 | Troll Batrider |
| 14:26 | Boots of Speed |
| 14:44 | Staff of Teleportation |
| 14:57 | Troll Batrider |
| 15:03 | Steel Ranged Weapons |
| 15:13 | Healing Salve |
| 16:10 | Healing Wave |
| 16:19 | Troll Batrider |
| 16:35 | Troll Batrider |
| 16:39 | Troll Batrider |
| 17:18 | Troll Batrider |
| 17:51 | Troll Batrider |
| 18:47 | Troll Batrider |
| 19:28 | Troll Batrider |
| 19:46 | Beastiary |
| 19:53 | Troll Batrider |
| 20:34 | Troll Batrider |
| 21:14 | Altar of Storms |
| 21:16 | Troll Batrider |
| 21:23 | Critical Strike |
| 22:16 | Troll Batrider |
| 22:45 | Troll Batrider |
| 22:56 | Troll Batrider |
| 23:09 | Wind Walk |
| 23:13 | Troll Batrider |
| 25:57 | Troll Batrider |
| 26:24 | Troll Batrider |
| 26:53 | Healing Wave |
| 27:24 | Watch Tower |
| 27:30 | Watch Tower |
| 27:31 | Great Hall |
| 27:33 | Watch Tower |
| 27:35 | Watch Tower |
| 27:37 | Watch Tower |
| 29:10 | Troll Batrider |
| 29:11 | Troll Batrider |
| 29:13 | Troll Batrider |
| 32:18 | Bladestorm |
| 35:57 | Troll Batrider |
| 35:57 | Troll Batrider |
| 35:58 | Troll Batrider |
| 38:44 | Staff of Sanctuary |
| 41:42 | Hex |
| 42:00 | Staff of Sanctuary |
| 51:21 | Critical Strike |
| 52:47 | Critical Strike |
| 54:42 | Healing Wave |
| 61:40 | Mirror Image |
| 63:03 | Helm of Valor |
| 69:57 | Hex |
| 79:48 | Mirror Image |
| 111:34 | Big Bad Voodoo |
| 113:10 | Mirror Image |
| Right click | 11313 |
| Select group | 1876 |
| Select | 1686 |
| Misc. action | 485 |
| Use ability | 360 |
| Chat | 348 |
| Build/train/purchase | 289 |
| Assign group | 25 |
| Minimap ping | 23 |
| Resource trade | 10 |
| Esc | 3 |
| Item give/drop | 1 |



| Lesser Clarity Potion | 2 | 140 |
| Orb of Corruption | 2 | 750 |
| Staff of Teleportation | 3 | 450 |
| Boots of Speed | 3 | 750 |
| Potion of Invisibility | 1 | 100 |
| Healing Salve | 1 | 100 |
| Staff of Sanctuary | 3 | 750 |
| Ancient Janggo of Endurance | 1 | 500 |
| Medallion of Courage | 3 | 1500 |
| Khadgar's Pipe of Insight | 1 | 500 |
| total: | 20 | 5540g |
| Acolyte | 13 | 975 | / | 0 |
| Ghoul | 9 | 1080 | / | 0 |
| Meat Wagon | 2 | 460 | / | 100 |
| Obsidian Statue | 2 | 400 | / | 70 |
| total: | 26 | 2915g | / | 170w |
| Nerubian Tower | 1 | 100 | / | 20 |
| Spirit Tower | 4 | 580 | / | 160 |
| Altar of Darkness | 2 | 360 | / | 100 |
| Ziggurat | 8 | 1200 | / | 400 |
| Crypt | 1 | 200 | / | 50 |
| Graveyard | 4 | 860 | / | 0 |
| Tomb of Relics | 3 | 390 | / | 90 |
| Necropolis | 5 | 1125 | / | 0 |
| Slaughterhouse | 1 | 140 | / | 135 |
| Halls of the Dead | 2 | 640 | / | 420 |
| Black Citadel | 1 | 325 | / | 230 |
| total: | 24 | 4275g | / | 775w |
| 0:02 | Acolyte |
| 0:08 | Altar of Darkness |
| 0:11 | Ziggurat |
| 0:18 | Crypt |
| 0:21 | Acolyte |
| 0:50 | Ziggurat |
| 1:05 | Nerubian Tower |
| 1:21 | Ghoul |
| 1:25 | Ghoul |
| 1:41 | Ghoul |
| 1:53 | Graveyard |
| 1:55 | Graveyard |
| 2:11 | Death Coil |
| 2:12 | Ghoul |
| 2:40 | Ghoul |
| 2:40 | Ghoul |
| 3:20 | Spirit Tower |
| 3:20 | Ghoul |
| 3:21 | Ghoul |
| 4:12 | Unholy Aura |
| 4:17 | Halls of the Dead |
| 4:40 | Ziggurat |
| 5:04 | Staff of Teleportation |
| 5:04 | Boots of Speed |
| 5:23 | Lesser Clarity Potion |
| 6:34 | Death Coil |
| 6:43 | Black Citadel |
| 6:57 | Healing Salve |
| 7:43 | Frost Nova |
| 7:56 | Ziggurat |
| 8:03 | Slaughterhouse |
| 8:05 | Spirit Tower |
| 8:39 | Potion of Invisibility |
| 8:46 | Ghoul |
| 8:58 | Spirit Tower |
| 9:01 | Tomb of Relics |
| 9:02 | Tomb of Relics |
| 9:09 | Meat Wagon |
| 9:09 | Meat Wagon |
| 10:16 | Acolyte |
| 10:18 | Obsidian Statue |
| 10:22 | Necropolis |
| 11:00 | Frost Armor |
| 11:34 | Unholy Aura |
| 11:44 | Impale |
| 11:50 | Obsidian Statue |
| 12:28 | Acolyte |
| 12:28 | Acolyte |
| 12:28 | Acolyte |
| 13:04 | Orb of Corruption |
| 13:17 | Staff of Teleportation |
| 13:17 | Boots of Speed |
| 13:31 | Acolyte |
| 14:12 | Orb of Corruption |
| 14:49 | Ancient Janggo of Endurance |
| 14:55 | Spiked Carapace |
| 15:05 | Medallion of Courage |
| 15:05 | Medallion of Courage |
| 15:11 | Frost Nova |
| 17:20 | Necropolis |
| 18:00 | Necropolis |
| 18:35 | Staff of Sanctuary |
| 18:37 | Staff of Sanctuary |
| 18:51 | Necropolis |
| 19:03 | Boots of Speed |
| 19:03 | Staff of Teleportation |
| 20:16 | Altar of Darkness |
| 20:17 | Ziggurat |
| 20:18 | Ziggurat |
| 21:00 | Ziggurat |
| 21:02 | Ziggurat |
| 21:58 | Death Coil |
| 23:05 | Graveyard |
| 23:12 | Lesser Clarity Potion |
| 23:14 | Staff of Sanctuary |
| 24:02 | Impale |
| 24:07 | Medallion of Courage |
| 24:23 | Acolyte |
| 24:33 | Frost Armor |
| 24:46 | Spirit Tower |
| 25:50 | Necropolis |
| 27:02 | Acolyte |
| 27:20 | Halls of the Dead |
| 27:24 | Tomb of Relics |
| 27:28 | Acolyte |
| 27:28 | Acolyte |
| 27:28 | Acolyte |
| 27:29 | Acolyte |
| 28:53 | Khadgar's Pipe of Insight |
| 39:31 | Unholy Aura |
| 39:35 | Spiked Carapace |
| 40:25 | Frost Nova |
| 56:10 | Impale |
| 57:57 | Animate Dead |
| 58:34 | Death and Decay |
| 73:52 | Locust Swarm |
| 75:24 | Death Pact |
| 75:25 | Frost Armor |
| 83:21 | Graveyard |
| Right click | 10284 |
| Select group | 6937 |
| Chat | 1286 |
| Select | 752 |
| Use ability | 561 |
| Build/train/purchase | 222 |
| Misc. action | 188 |
| Minimap ping | 94 |
| Resource trade | 70 |
| Assign group | 19 |
| Item give/drop | 13 |
| Esc | 6 |
478 units @ 67.3k
/ 10.8k
212 buildings @ 34.5k
/ 17.2k


| Healing Salve | 3 | 300 |
| Lesser Clarity Potion | 4 | 280 |
| Orb of Lightning | 1 | 375 |
| Potion of Healing | 1 | 150 |
| Tiny Great Hall | 1 | 600 |
| Scroll of Town Portal | 1 | 350 |
| total: | 11 | 2055g |
| Peon | 20 | 1500 | / | 0 |
| Grunt | 3 | 600 | / | 0 |
| Troll Headhunter | 13 | 1820 | / | 260 |
| Shaman | 27 | 3510 | / | 540 |
| Troll Berserker | 58 | 8120 | / | 1160 |
| Troll Witch Doctor | 24 | 3480 | / | 600 |
| Demolisher | 4 | 880 | / | 200 |
| Goblin Shredder | 1 | 375 | / | 100 |
| total: | 150 | 20285g | / | 2860w |
| Watch Tower | 36 | 3960 | / | 2880 |
| Altar of Storms | 1 | 180 | / | 50 |
| Orc Burrow | 12 | 1920 | / | 480 |
| Barracks | 3 | 540 | / | 150 |
| War Mill | 2 | 410 | / | 0 |
| Voodoo Lounge | 4 | 520 | / | 120 |
| Great Hall | 1 | 385 | / | 185 |
| Spirit Lodge | 2 | 300 | / | 300 |
| Stronghold | 1 | 315 | / | 190 |
| Fortress | 1 | 325 | / | 190 |
| total: | 61 | 8215g | / | 4165w |
| 0:02 | Peon |
| 0:04 | Altar of Storms |
| 0:08 | Peon |
| 0:18 | Orc Burrow |
| 0:21 | Peon |
| 0:35 | Barracks |
| 0:43 | Peon |
| 0:55 | Peon |
| 1:10 | Peon |
| 1:23 | Peon |
| 1:27 | War Mill |
| 1:29 | Peon |
| 1:41 | Grunt |
| 1:48 | Peon |
| 2:07 | Orc Burrow |
| 2:10 | Endurance Aura |
| 2:21 | Voodoo Lounge |
| 2:58 | Stronghold |
| 3:03 | Troll Headhunter |
| 3:24 | Troll Headhunter |
| 3:34 | Troll Headhunter |
| 3:51 | War Stomp |
| 3:55 | Troll Headhunter |
| 4:03 | Orc Burrow |
| 4:07 | Healing Salve |
| 4:24 | Healing Salve |
| 4:28 | Steel Ranged Weapons |
| 4:29 | Troll Headhunter |
| 4:29 | Troll Headhunter |
| 5:02 | Great Hall |
| 5:24 | War Stomp |
| 5:26 | Troll Headhunter |
| 5:47 | Spirit Lodge |
| 5:56 | Troll Headhunter |
| 6:08 | Fortress |
| 6:10 | Troll Headhunter |
| 6:24 | Troll Headhunter |
| 6:51 | Troll Regeneration |
| 7:04 | Shaman Adept Training |
| 7:06 | Orc Burrow |
| 7:20 | Shaman |
| 7:26 | Troll Headhunter |
| 7:34 | Healing Salve |
| 7:37 | Lesser Clarity Potion |
| 7:47 | Peon |
| 7:47 | Peon |
| 7:47 | Peon |
| 7:47 | Peon |
| 8:01 | Peon |
| 8:01 | Peon |
| 8:13 | Troll Headhunter |
| 8:32 | Endurance Aura |
| 8:34 | Goblin Shredder |
| 8:46 | Shaman Master Training |
| 9:04 | Steel Armor |
| 9:07 | Troll Headhunter |
| 10:06 | Berserker Upgrade |
| 10:18 | Endurance Aura |
| 10:23 | Witch Doctor Adept Training |
| 10:29 | Spirit Lodge |
| 11:15 | Troll Berserker |
| 11:15 | Shaman |
| 11:27 | Healing Wave |
| 11:34 | Troll Berserker |
| 11:37 | Witch Doctor Master Training |
| 11:47 | Troll Witch Doctor |
| 11:49 | Shaman |
| 11:49 | Troll Berserker |
| 11:50 | Thorium Ranged Weapons |
| 12:05 | Troll Berserker |
| 12:08 | Troll Witch Doctor |
| 12:08 | Shaman |
| 12:21 | Troll Berserker |
| 12:22 | Shaman |
| 12:38 | Troll Berserker |
| 12:40 | Troll Witch Doctor |
| 12:42 | Shaman |
| 12:45 | Thorium Armor |
| 12:53 | Barracks |
| 13:16 | Troll Berserker |
| 13:24 | Hex |
| 13:35 | Troll Berserker |
| 13:36 | Shaman |
| 13:50 | Orc Burrow |
| 13:51 | Orc Burrow |
| 13:53 | Orc Burrow |
| 14:41 | Arcanite Ranged Weapons |
| 14:58 | Troll Berserker |
| 16:47 | Troll Witch Doctor |
| 16:49 | Reincarnation |
| 17:07 | Troll Witch Doctor |
| 17:37 | Troll Berserker |
| 17:57 | Troll Berserker |
| 18:21 | Troll Witch Doctor |
| 20:20 | Troll Berserker |
| 21:51 | Troll Berserker |
| 22:20 | Shaman |
| 22:22 | Troll Berserker |
| 22:22 | Troll Berserker |
| 23:11 | Troll Berserker |
| 23:38 | Reinforced Defenses |
| 23:40 | Arcanite Armor |
| 24:53 | Orc Burrow |
| 24:54 | Peon |
| 24:56 | Peon |
| 24:56 | Peon |
| 24:57 | Peon |
| 24:57 | Peon |
| 25:08 | Healing Wave |
| 25:46 | Orc Burrow |
| 27:08 | Shaman |
| 27:09 | Troll Berserker |
| 27:09 | Troll Berserker |
| 27:22 | Troll Witch Doctor |
| 27:43 | Watch Tower |
| 27:46 | Troll Berserker |
| 28:41 | War Stomp |
| 28:47 | Troll Berserker |
| 28:49 | Spiked Barricades |
| 28:59 | Troll Berserker |
| 29:34 | Voodoo Lounge |
| 30:42 | Watch Tower |
| 30:43 | Watch Tower |
| 31:08 | Watch Tower |
| 31:54 | Watch Tower |
| 31:54 | Watch Tower |
| 31:55 | Watch Tower |
| 31:55 | Watch Tower |
| 32:02 | Watch Tower |
| 32:02 | Watch Tower |
| 33:01 | Watch Tower |
| 34:24 | Hex |
| 34:38 | Troll Witch Doctor |
| 34:42 | Watch Tower |
| 34:45 | Watch Tower |
| 34:46 | Watch Tower |
| 34:52 | Shaman |
| 34:52 | Shaman |
| 35:16 | Watch Tower |
| 35:17 | Watch Tower |
| 35:17 | Watch Tower |
| 35:18 | Watch Tower |
| 35:18 | Watch Tower |
| 35:34 | Shaman |
| 36:12 | Watch Tower |
| 36:13 | Voodoo Lounge |
| 36:20 | Watch Tower |
| 36:22 | Watch Tower |
| 36:22 | Watch Tower |
| 36:23 | Watch Tower |
| 36:31 | Shaman |
| 36:57 | Watch Tower |
| 37:03 | Watch Tower |
| 37:36 | Scroll of Town Portal |
| 38:02 | Voodoo Lounge |
| 38:36 | Troll Witch Doctor |
| 38:37 | Troll Witch Doctor |
| 39:56 | Healing Wave |
| 40:33 | Troll Berserker |
| 40:35 | Troll Witch Doctor |
| 40:46 | Troll Berserker |
| 40:47 | Troll Berserker |
| 41:19 | Shaman |
| 41:21 | Troll Berserker |
| 41:21 | Troll Berserker |
| 41:31 | Orb of Lightning |
| 41:34 | Lesser Clarity Potion |
| 41:39 | Potion of Healing |
| 41:41 | Lesser Clarity Potion |
| 43:00 | Troll Witch Doctor |
| 44:22 | Troll Berserker |
| 44:28 | Shaman |
| 46:54 | Troll Berserker |
| 47:08 | Shockwave |
| 47:18 | Improved Spiked Barricades |
| 48:15 | Burning Oil |
| 48:22 | Demolisher |
| 48:22 | Demolisher |
| 48:23 | Demolisher |
| 48:23 | Demolisher |
| 48:27 | Shaman |
| 49:36 | Shaman |
| 49:43 | Barracks |
| 49:56 | Steel Melee Weapons |
| 50:11 | Watch Tower |
| 50:12 | Watch Tower |
| 50:12 | Watch Tower |
| 51:10 | Troll Witch Doctor |
| 51:43 | Troll Berserker |
| 52:02 | Watch Tower |
| 52:03 | Watch Tower |
| 52:04 | Watch Tower |
| 52:05 | Watch Tower |
| 52:09 | Troll Berserker |
| 53:50 | Troll Berserker |
| 54:47 | Troll Berserker |
| 55:01 | Watch Tower |
| 55:02 | Watch Tower |
| 55:04 | Watch Tower |
| 55:31 | Troll Berserker |
| 55:32 | Troll Witch Doctor |
| 56:13 | Troll Berserker |
| 56:14 | Troll Witch Doctor |
| 56:14 | Shaman |
| 57:04 | Troll Berserker |
| 57:05 | Shaman |
| 57:32 | Troll Berserker |
| 57:51 | Troll Berserker |
| 59:49 | Troll Berserker |
| 60:14 | Big Bad Voodoo |
| 61:15 | Troll Witch Doctor |
| 62:31 | Troll Berserker |
| 62:31 | Troll Berserker |
| 62:32 | Shaman |
| 62:33 | Troll Witch Doctor |
| 62:36 | Shaman |
| 62:36 | Shaman |
| 62:38 | Troll Berserker |
| 63:29 | Troll Berserker |
| 63:46 | Troll Berserker |
| 63:48 | Troll Berserker |
| 63:51 | Grunt |
| 63:55 | Shaman |
| 66:25 | Troll Berserker |
| 66:29 | Troll Berserker |
| 67:03 | Troll Witch Doctor |
| 67:04 | Shaman |
| 76:58 | Shockwave |
| 77:08 | Troll Witch Doctor |
| 79:51 | Troll Witch Doctor |
| 81:11 | Tiny Great Hall |
| 81:17 | Lesser Clarity Potion |
| 86:54 | Hex |
| 91:11 | Troll Witch Doctor |
| 91:12 | Troll Witch Doctor |
| 92:35 | Shaman |
| 92:49 | Grunt |
| 92:50 | Troll Berserker |
| 92:53 | Shaman |
| 96:13 | Shockwave |
| 96:14 | Shockwave |
| 96:41 | Troll Berserker |
| 96:42 | Troll Berserker |
| 100:37 | Shaman |
| 100:41 | Orc Burrow |
| 101:15 | Troll Berserker |
| 101:17 | Orc Burrow |
| 101:21 | Troll Witch Doctor |
| 101:50 | War Mill |
| 102:06 | Troll Berserker |
| 102:09 | Troll Berserker |
| 103:31 | Troll Berserker |
| 103:39 | Troll Berserker |
| 103:40 | Orc Burrow |
| 103:54 | Troll Berserker |
| 104:54 | Troll Berserker |
| 104:57 | Troll Berserker |
| 104:58 | Troll Berserker |
| 105:05 | Troll Witch Doctor |
| 105:56 | Serpent Ward |
| Right click | 8618 |
| Select group | 7077 |
| Select | 4025 |
| Misc. action | 939 |
| Build/train/purchase | 470 |
| Use ability | 388 |
| Assign group | 224 |
| Minimap ping | 125 |
| Esc | 40 |
| Resource trade | 16 |
| Item give/drop | 14 |
| Remove unit | 3 |


| Healing Salve | 3 | 300 |
| Lesser Clarity Potion | 9 | 630 |
| Scroll of Speed | 3 | 150 |
| Potion of Healing | 4 | 600 |
| Potion of Mana | 4 | 800 |
| total: | 23 | 2480g |
| Peon | 47 | 3525 | / | 0 |
| Grunt | 9 | 1800 | / | 0 |
| Shaman | 13 | 1690 | / | 260 |
| Demolisher | 32 | 7040 | / | 1600 |
| Tauren | 25 | 7000 | / | 2000 |
| total: | 126 | 21055g | / | 3860w |
| Watch Tower | 14 | 1540 | / | 1120 |
| Altar of Storms | 2 | 360 | / | 100 |
| Orc Burrow | 8 | 1280 | / | 320 |
| Barracks | 3 | 540 | / | 150 |
| War Mill | 3 | 615 | / | 0 |
| Voodoo Lounge | 2 | 260 | / | 60 |
| Great Hall | 6 | 2310 | / | 1110 |
| Spirit Lodge | 1 | 150 | / | 150 |
| Tauren Totem | 1 | 135 | / | 155 |
| Stronghold | 1 | 315 | / | 190 |
| Fortress | 1 | 325 | / | 190 |
| total: | 40 | 7190g | / | 3165w |
| 0:02 | Peon |
| 0:02 | Peon |
| 0:05 | Altar of Storms |
| 0:19 | Orc Burrow |
| 0:27 | Peon |
| 0:36 | Barracks |
| 0:50 | Peon |
| 0:55 | Peon |
| 1:19 | Orc Burrow |
| 1:29 | Peon |
| 1:41 | Grunt |
| 1:49 | Peon |
| 2:17 | Feral Spirit |
| 2:19 | Grunt |
| 2:48 | Peon |
| 2:49 | Peon |
| 3:24 | War Mill |
| 3:48 | Stronghold |
| 4:12 | Grunt |
| 4:43 | Chain Lighting |
| 4:48 | Voodoo Lounge |
| 4:56 | Voodoo Lounge |
| 5:10 | Grunt |
| 5:27 | Orc Burrow |
| 6:31 | Grunt |
| 6:33 | Berserker Strength |
| 6:48 | Spirit Lodge |
| 6:49 | Fortress |
| 6:54 | Watch Tower |
| 7:01 | Feral Spirit |
| 7:14 | Grunt |
| 7:55 | Healing Wave |
| 7:59 | Orc Burrow |
| 8:08 | Healing Salve |
| 8:08 | Lesser Clarity Potion |
| 8:08 | Scroll of Speed |
| 8:25 | Shaman Adept Training |
| 8:25 | Shaman |
| 8:25 | Shaman |
| 8:25 | Shaman |
| 8:58 | Demolisher |
| 8:58 | Demolisher |
| 9:28 | Shaman Master Training |
| 9:32 | Burning Oil |
| 9:39 | Chain Lighting |
| 9:47 | Hex |
| 9:58 | Great Hall |
| 11:34 | Demolisher |
| 11:34 | Demolisher |
| 11:47 | Grunt |
| 11:48 | Shaman |
| 11:48 | Shaman |
| 11:52 | Grunt |
| 12:42 | Shaman |
| 13:06 | Tauren Totem |
| 13:17 | Lesser Clarity Potion |
| 13:23 | Healing Salve |
| 13:42 | Peon |
| 13:42 | Peon |
| 13:42 | Peon |
| 13:42 | Peon |
| 13:42 | Peon |
| 13:52 | Demolisher |
| 13:55 | Orc Burrow |
| 14:20 | Steel Ranged Weapons |
| 14:23 | Pulverize |
| 14:23 | Tauren |
| 15:29 | Hex |
| 15:37 | Demolisher |
| 15:37 | Demolisher |
| 15:37 | Demolisher |
| 15:53 | Shaman |
| 16:21 | Tauren |
| 16:22 | Tauren |
| 18:02 | Shaman |
| 18:03 | Shaman |
| 18:07 | Steel Melee Weapons |
| 18:12 | Demolisher |
| 18:12 | Demolisher |
| 19:21 | Demolisher |
| 19:22 | Tauren |
| 19:23 | Tauren |
| 19:23 | Tauren |
| 19:23 | Tauren |
| 19:35 | Lesser Clarity Potion |
| 19:37 | Potion of Healing |
| 19:45 | Tauren |
| 19:45 | Tauren |
| 21:01 | Chain Lighting |
| 23:37 | Peon |
| 23:37 | Peon |
| 23:37 | Peon |
| 23:38 | Peon |
| 23:38 | Peon |
| 24:34 | Shaman |
| 24:34 | Shaman |
| 24:36 | Demolisher |
| 24:36 | Demolisher |
| 24:57 | Watch Tower |
| 24:59 | Watch Tower |
| 24:59 | Watch Tower |
| 25:00 | Watch Tower |
| 25:01 | Peon |
| 26:05 | Watch Tower |
| 26:06 | Watch Tower |
| 26:07 | Watch Tower |
| 26:07 | Watch Tower |
| 26:08 | Watch Tower |
| 27:12 | Tauren |
| 27:12 | Tauren |
| 27:46 | Healing Wave |
| 28:48 | Great Hall |
| 28:55 | Watch Tower |
| 28:55 | Watch Tower |
| 28:56 | Watch Tower |
| 28:56 | Watch Tower |
| 29:08 | Peon |
| 29:08 | Peon |
| 29:08 | Peon |
| 29:11 | Peon |
| 30:22 | Peon |
| 30:23 | Peon |
| 30:23 | Peon |
| 32:02 | Peon |
| 32:02 | Peon |
| 32:03 | Peon |
| 33:18 | Peon |
| 33:19 | Peon |
| 34:31 | Demolisher |
| 34:40 | Peon |
| 34:40 | Peon |
| 34:41 | Peon |
| 34:42 | Peon |
| 34:46 | Tauren |
| 35:08 | Healing Wave |
| 35:40 | Tauren |
| 35:40 | Tauren |
| 35:42 | Shaman |
| 35:46 | Lesser Clarity Potion |
| 35:46 | Potion of Healing |
| 36:50 | Demolisher |
| 36:50 | Demolisher |
| 37:15 | Peon |
| 37:15 | Peon |
| 37:15 | Peon |
| 37:16 | Peon |
| 37:17 | Peon |
| 37:39 | Demolisher |
| 40:33 | Lesser Clarity Potion |
| 40:33 | Potion of Healing |
| 40:34 | Healing Salve |
| 40:34 | Potion of Mana |
| 40:40 | Shaman |
| 40:46 | Tauren |
| 40:46 | Tauren |
| 40:51 | Demolisher |
| 40:51 | Demolisher |
| 40:51 | Demolisher |
| 41:48 | Tauren |
| 41:48 | Tauren |
| 41:52 | Thorium Melee Weapons |
| 41:53 | Steel Armor |
| 45:30 | Grunt |
| 46:42 | Demolisher |
| 46:42 | Demolisher |
| 46:42 | Demolisher |
| 47:24 | Lesser Clarity Potion |
| 47:34 | Great Hall |
| 47:52 | Demolisher |
| 47:53 | Demolisher |
| 48:15 | Thorium Ranged Weapons |
| 48:28 | Barracks |
| 48:33 | Barracks |
| 49:11 | Tauren |
| 49:11 | Tauren |
| 49:11 | Tauren |
| 49:13 | Lesser Clarity Potion |
| 49:13 | Potion of Healing |
| 49:16 | Potion of Mana |
| 49:17 | Scroll of Speed |
| 51:05 | Demolisher |
| 51:05 | Demolisher |
| 51:37 | Demolisher |
| 51:37 | Demolisher |
| 51:45 | Peon |
| 51:45 | Peon |
| 51:45 | Peon |
| 54:53 | Tauren |
| 54:53 | Tauren |
| 54:54 | Tauren |
| 54:54 | Tauren |
| 54:56 | Demolisher |
| 56:26 | Great Hall |
| 56:28 | Great Hall |
| 57:41 | Earth Quake |
| 59:56 | Demolisher |
| 59:56 | Demolisher |
| 60:40 | Peon |
| 60:40 | Peon |
| 60:40 | Peon |
| 61:08 | Lesser Clarity Potion |
| 61:28 | Potion of Mana |
| 63:42 | Lesser Clarity Potion |
| 63:44 | Potion of Mana |
| 63:45 | Scroll of Speed |
| 65:49 | Orc Burrow |
| 66:03 | Great Hall |
| 66:43 | War Mill |
| 66:48 | Orc Burrow |
| 66:56 | War Mill |
| 67:56 | Orc Burrow |
| 68:35 | Altar of Storms |
| Right click | 4038 |
| Select | 1241 |
| Select group | 1231 |
| Misc. action | 829 |
| Assign group | 445 |
| Build/train/purchase | 235 |
| Use ability | 136 |
| Minimap ping | 66 |
| Chat | 40 |
| Resource trade | 15 |
| Remove unit | 6 |
| Item give/drop | 4 |
| Esc | 4 |
⇛
VaxxOFFI
(108:46) : 


| Lesser Clarity Potion | 2 | 140 |
| Staff of Preservation | 2 | 300 |
| Potion of Healing | 5 | 750 |
| Orb of Venom | 2 | 650 |
| Moonstone | 1 | 50 |
| Dust of Appearance | 2 | 150 |
| Scroll of Town Portal | 1 | 350 |
| Staff of Teleportation | 1 | 150 |
| Boots of Speed | 1 | 250 |
| Potion of Lesser Invulnerability | 1 | 150 |
| total: | 18 | 2940g |
| Wisp | 95 | 5700 | / | 0 |
| Archer | 8 | 1040 | / | 80 |
| Hippogryph | 3 | 480 | / | 60 |
| Faerie Dragon | 1 | 155 | / | 25 |
| Chimaera | 4 | 1320 | / | 280 |
| Dryad | 11 | 1595 | / | 660 |
| Goblin Zeppelin | 1 | 240 | / | 60 |
| Goblin Shredder | 1 | 375 | / | 100 |
| total: | 124 | 10905g | / | 1265w |
| Ancient Protector | 39 | 5265 | / | 3120 |
| Altar of Elders | 3 | 540 | / | 150 |
| Moon Well | 14 | 2520 | / | 560 |
| Ancient of War | 4 | 600 | / | 240 |
| Ancient of Wonders | 3 | 270 | / | 90 |
| Hunter's Hall | 1 | 210 | / | 100 |
| Tree of Life | 8 | 2720 | / | 1480 |
| Ancient of Wind | 2 | 300 | / | 280 |
| Ancient of Lore | 3 | 465 | / | 435 |
| Chimaera Roost | 3 | 420 | / | 570 |
| Tree of Ages | 1 | 320 | / | 180 |
| Tree of Eternity | 1 | 330 | / | 200 |
| total: | 80 | 13310g | / | 7025w |
| 0:02 | Wisp |
| 0:03 | Wisp |
| 0:05 | Altar of Elders |
| 0:06 | Altar of Elders |
| 0:20 | Moon Well |
| 0:28 | Ancient of War |
| 0:31 | Wisp |
| 0:41 | Wisp |
| 0:53 | Ancient of War |
| 0:57 | Wisp |
| 1:05 | Wisp |
| 1:26 | Wisp |
| 1:33 | Moon Well |
| 1:43 | Wisp |
| 1:56 | Archer |
| 1:58 | Wisp |
| 2:16 | Immolation |
| 2:25 | Tree of Ages |
| 2:39 | Moon Well |
| 3:09 | Archer |
| 3:39 | Moon Well |
| 4:13 | Ancient of Wonders |
| 4:25 | Archer |
| 4:34 | Hunter's Hall |
| 4:42 | Archer |
| 4:46 | Wisp |
| 4:46 | Wisp |
| 4:46 | Wisp |
| 4:56 | Moon Well |
| 4:57 | Wisp |
| 4:57 | Wisp |
| 5:46 | Moon Well |
| 5:55 | Wisp |
| 5:55 | Wisp |
| 6:10 | Ancient of Wind |
| 6:42 | Wisp |
| 6:49 | Ancient Protector |
| 7:38 | Moon Well |
| 7:51 | Wisp |
| 7:54 | Ultravision |
| 7:56 | Ancient of Wind |
| 8:02 | Wisp |
| 8:18 | Dust of Appearance |
| 8:18 | Lesser Clarity Potion |
| 8:40 | Wisp |
| 8:40 | Wisp |
| 8:40 | Wisp |
| 8:42 | Archer |
| 8:42 | Archer |
| 8:42 | Archer |
| 9:25 | Wisp |
| 9:25 | Wisp |
| 9:35 | Tree of Life |
| 9:45 | Archer |
| 9:51 | Wisp |
| 9:54 | Hippogryph |
| 10:00 | Staff of Preservation |
| 10:50 | Evasion |
| 10:55 | Tree of Eternity |
| 11:19 | Potion of Healing |
| 11:37 | Nature's Blessing |
| 11:51 | Goblin Zeppelin |
| 12:06 | Faerie Dragon |
| 12:08 | Immolation |
| 12:21 | Strength of the Wild |
| 13:30 | Wisp |
| 13:30 | Wisp |
| 13:30 | Wisp |
| 13:30 | Wisp |
| 13:31 | Wisp |
| 13:39 | Potion of Healing |
| 13:41 | Orb of Venom |
| 13:43 | Chimaera Roost |
| 13:43 | Chimaera Roost |
| 13:44 | Chimaera Roost |
| 13:47 | Wisp |
| 14:34 | Tree of Life |
| 14:41 | Evasion |
| 14:58 | Improved Strength of the Wild |
| 15:29 | Chimaera |
| 15:32 | Reinforced Hides |
| 16:13 | Potion of Healing |
| 16:17 | Dust of Appearance |
| 16:41 | Corrosive Breath |
| 16:43 | Chimaera |
| 16:50 | Potion of Healing |
| 16:50 | Scroll of Town Portal |
| 16:58 | Wisp |
| 17:06 | Wisp |
| 17:14 | Wisp |
| 17:53 | Improved Reinforced Hides |
| 18:08 | Tree of Life |
| 18:59 | Ancient Protector |
| 19:30 | Well Spring |
| 19:41 | Wisp |
| 19:41 | Wisp |
| 19:41 | Wisp |
| 19:44 | Ancient Protector |
| 19:44 | Ancient Protector |
| 19:44 | Ancient Protector |
| 19:48 | Ancient Protector |
| 19:52 | Ancient Protector |
| 20:36 | Immolation |
| 20:41 | Wisp |
| 20:41 | Wisp |
| 20:41 | Wisp |
| 20:41 | Wisp |
| 21:02 | Chimaera |
| 21:11 | Wisp |
| 21:11 | Wisp |
| 21:14 | Ancient Protector |
| 21:14 | Ancient Protector |
| 21:14 | Ancient Protector |
| 21:15 | Ancient Protector |
| 21:16 | Ancient Protector |
| 21:17 | Ancient Protector |
| 22:06 | Ancient Protector |
| 22:14 | Advanced Reinforced Hides |
| 22:15 | Chimaera |
| 22:19 | Ancient Protector |
| 24:06 | Ancient Protector |
| 24:17 | Goblin Shredder |
| 24:22 | Wisp |
| 24:22 | Wisp |
| 24:22 | Wisp |
| 24:23 | Ancient Protector |
| 24:24 | Ancient Protector |
| 24:24 | Ancient Protector |
| 24:33 | Ancient Protector |
| 24:37 | Hippogryph |
| 24:37 | Hippogryph |
| 24:57 | Ancient Protector |
| 25:05 | Ancient Protector |
| 25:22 | Wisp |
| 25:22 | Wisp |
| 25:22 | Wisp |
| 25:22 | Wisp |
| 25:27 | Ancient Protector |
| 25:28 | Ancient Protector |
| 25:30 | Wisp |
| 26:36 | Wisp |
| 26:36 | Wisp |
| 27:12 | Wisp |
| 27:12 | Wisp |
| 27:12 | Wisp |
| 27:17 | Ancient Protector |
| 27:45 | Entangling Roots |
| 28:10 | Ancient of Lore |
| 28:12 | Ancient of Lore |
| 28:32 | Wisp |
| 28:33 | Wisp |
| 28:34 | Ancient of Lore |
| 28:53 | Wisp |
| 28:54 | Wisp |
| 28:57 | Ancient Protector |
| 28:58 | Ancient Protector |
| 29:00 | Ancient Protector |
| 29:21 | Wisp |
| 29:37 | Shadow Strike |
| 29:46 | Dryad |
| 29:46 | Dryad |
| 29:46 | Dryad |
| 29:46 | Dryad |
| 29:46 | Dryad |
| 29:47 | Dryad |
| 29:47 | Dryad |
| 29:51 | Ancient Protector |
| 30:12 | Thorns Aura |
| 30:28 | Lesser Clarity Potion |
| 30:29 | Orb of Venom |
| 30:33 | Potion of Healing |
| 30:51 | Tree of Life |
| 31:10 | Dryad |
| 32:30 | Abolish Magic |
| 32:55 | Wisp |
| 32:55 | Wisp |
| 32:55 | Wisp |
| 32:55 | Wisp |
| 32:56 | Wisp |
| 33:03 | Ancient Protector |
| 33:03 | Ancient Protector |
| 33:05 | Ancient Protector |
| 33:07 | Ancient Protector |
| 33:09 | Ancient Protector |
| 34:33 | Fan of Knives |
| 34:59 | Dryad |
| 35:00 | Advanced Strength of the Wild |
| 35:12 | Wisp |
| 35:12 | Wisp |
| 35:15 | Wisp |
| 35:40 | Moon Well |
| 35:41 | Moon Well |
| 35:41 | Moon Well |
| 35:42 | Moon Well |
| 35:42 | Moon Well |
| 35:49 | Moon Well |
| 35:55 | Ancient of Wonders |
| 36:06 | Tree of Life |
| 36:10 | Wisp |
| 36:18 | Dryad |
| 37:35 | Staff of Teleportation |
| 37:35 | Boots of Speed |
| 37:36 | Potion of Lesser Invulnerability |
| 38:10 | Staff of Preservation |
| 38:23 | Wisp |
| 38:24 | Wisp |
| 38:24 | Wisp |
| 39:18 | Ancient Protector |
| 39:19 | Ancient Protector |
| 39:22 | Ancient Protector |
| 39:36 | Ancient Protector |
| 39:38 | Wisp |
| 39:40 | Wisp |
| 39:40 | Wisp |
| 39:40 | Wisp |
| 39:40 | Wisp |
| 40:28 | Ancient Protector |
| 40:46 | Tree of Life |
| 41:12 | Wisp |
| 43:45 | Ancient of War |
| 43:48 | Ancient of War |
| 45:17 | Thorns Aura |
| 49:51 | Metamorphosis |
| 51:43 | Shadow Strike |
| 62:02 | Wisp |
| 62:03 | Wisp |
| 62:03 | Wisp |
| 62:03 | Wisp |
| 62:03 | Wisp |
| 63:07 | Wisp |
| 63:07 | Wisp |
| 63:31 | Entangling Roots |
| 63:44 | Wisp |
| 64:25 | Wisp |
| 67:22 | Blink |
| 69:23 | Evasion |
| 71:44 | Dryad |
| 76:03 | Wisp |
| 76:03 | Wisp |
| 76:03 | Wisp |
| 76:03 | Wisp |
| 76:03 | Wisp |
| 79:51 | Entangling Roots |
| 83:38 | Tree of Life |
| 85:48 | Tree of Life |
| 88:47 | Shadow Strike |
| 88:49 | Mana Burn |
| 89:32 | Altar of Elders |
| 90:38 | Tranquility |
| 98:29 | Wisp |
| 101:52 | Ancient of Wonders |
| 101:53 | Wisp |
| 101:56 | Moon Well |
| 103:46 | Moonstone |
| Right click | 7677 |
| Select group | 2366 |
| Select | 1922 |
| Build/train/purchase | 390 |
| Use ability | 301 |
| Assign group | 203 |
| Resource trade | 161 |
| Misc. action | 130 |
| Minimap ping | 86 |
| Chat | 81 |
| Esc | 21 |
| Item give/drop | 8 |
| Remove unit | 1 |
⇛
SaTanFRA
(112:58) : 
| Wisp | 26 | 1560 | / | 0 |
| Huntress | 9 | 1755 | / | 180 |
| Glaive Thrower | 11 | 2310 | / | 715 |
| Chimaera | 24 | 7920 | / | 1680 |
| Archer | 4 | 520 | / | 40 |
| Goblin Zeppelin | 4 | 960 | / | 240 |
| total: | 78 | 15025g | / | 2855w |
| Ancient Protector | 11 | 1485 | / | 880 |
| Altar of Elders | 1 | 180 | / | 50 |
| Moon Well | 9 | 1620 | / | 360 |
| Ancient of War | 2 | 300 | / | 120 |
| Hunter's Hall | 1 | 210 | / | 100 |
| Tree of Life | 5 | 1700 | / | 925 |
| Chimaera Roost | 2 | 280 | / | 380 |
| Tree of Ages | 1 | 320 | / | 180 |
| Tree of Eternity | 1 | 330 | / | 200 |
| total: | 31 | 5775g | / | 2815w |
| 0:02 | Wisp |
| 0:02 | Wisp |
| 0:02 | Wisp |
| 0:07 | Altar of Elders |
| 0:15 | Wisp |
| 0:17 | Moon Well |
| 0:19 | Wisp |
| 0:23 | Wisp |
| 0:31 | Wisp |
| 0:43 | Wisp |
| 0:55 | Wisp |
| 1:02 | Wisp |
| 1:28 | Wisp |
| 1:44 | Wisp |
| 2:05 | Wisp |
| 2:08 | Moon Well |
| 2:10 | Ancient of War |
| 2:13 | Hunter's Hall |
| 2:18 | Ancient of War |
| 2:19 | Searing Arrows |
| 2:30 | Wisp |
| 2:30 | Wisp |
| 2:49 | Wisp |
| 3:33 | Huntress |
| 3:34 | Moon Well |
| 4:27 | Moon Well |
| 4:32 | Glaive Thrower |
| 4:33 | Glaive Thrower |
| 5:16 | Huntress |
| 5:17 | Huntress |
| 5:31 | Ancient Protector |
| 6:13 | Ancient Protector |
| 6:15 | Ancient Protector |
| 6:43 | Huntress |
| 7:48 | Glaive Thrower |
| 7:53 | Glaive Thrower |
| 7:54 | Moon Well |
| 8:26 | Huntress |
| 8:28 | Huntress |
| 9:24 | Glaive Thrower |
| 9:37 | Moon Well |
| 9:54 | Huntress |
| 10:03 | Ancient Protector |
| 10:41 | Ancient Protector |
| 12:22 | Huntress |
| 12:23 | Tree of Ages |
| 12:25 | Huntress |
| 12:51 | Tree of Life |
| 13:28 | Ancient Protector |
| 13:52 | Glaive Thrower |
| 13:54 | Glaive Thrower |
| 14:06 | Goblin Zeppelin |
| 14:06 | Goblin Zeppelin |
| 14:24 | Glaive Thrower |
| 14:50 | Glaive Thrower |
| 15:57 | Ancient Protector |
| 15:58 | Nature's Blessing |
| 17:25 | Goblin Zeppelin |
| 17:31 | Glaive Thrower |
| 17:31 | Glaive Thrower |
| 17:34 | Tree of Eternity |
| 17:49 | Vorpal Blades |
| 19:56 | Chimaera Roost |
| 19:58 | Chimaera Roost |
| 21:24 | Trueshot Aura |
| 21:28 | Chimaera |
| 21:28 | Corrosive Breath |
| 21:30 | Moon Well |
| 21:31 | Reinforced Hides |
| 21:31 | Strength of the Wild |
| 21:47 | Chimaera |
| 23:14 | Tree of Life |
| 23:18 | Chimaera |
| 23:27 | Archer |
| 23:27 | Archer |
| 24:35 | Archer |
| 24:45 | Trueshot Aura |
| 25:01 | Archer |
| 25:24 | Chimaera |
| 26:37 | Improved Bows |
| 26:37 | Marksmanship |
| 28:31 | Searing Arrows |
| 30:35 | Chimaera |
| 30:51 | Chimaera |
| 31:20 | Moon Well |
| 32:24 | Chimaera |
| 33:48 | Chimaera |
| 34:45 | Trueshot Aura |
| 34:58 | Improved Reinforced Hides |
| 34:59 | Improved Strength of the Wild |
| 35:01 | Chimaera |
| 35:01 | Chimaera |
| 36:25 | Chimaera |
| 37:17 | Advanced Reinforced Hides |
| 39:38 | Starfall |
| 40:46 | Chimaera |
| 41:29 | Advanced Strength of the Wild |
| 42:45 | Wisp |
| 42:45 | Wisp |
| 42:45 | Wisp |
| 42:45 | Wisp |
| 42:48 | Wisp |
| 44:09 | Wisp |
| 45:41 | Well Spring |
| 45:51 | Goblin Zeppelin |
| 47:46 | Scout |
| 50:51 | Chimaera |
| 50:58 | Chimaera |
| 52:20 | Chimaera |
| 54:02 | Chimaera |
| 54:45 | Scout |
| 55:28 | Chimaera |
| 55:28 | Chimaera |
| 55:28 | Chimaera |
| 55:28 | Chimaera |
| 56:43 | Chimaera |
| 56:43 | Chimaera |
| 64:10 | Searing Arrows |
| 71:59 | Tree of Life |
| 72:00 | Ancient Protector |
| 72:01 | Ancient Protector |
| 72:02 | Ancient Protector |
| 72:03 | Ancient Protector |
| 72:54 | Moon Well |
| 73:09 | Tree of Life |
| 75:33 | Wisp |
| 75:34 | Wisp |
| 75:34 | Wisp |
| 75:34 | Wisp |
| 78:13 | Tree of Life |
| 97:10 | Chimaera |
| 97:10 | Chimaera |
| Right click | 4668 |
| Chat | 1465 |
| Select | 1104 |
| Select group | 1079 |
| Minimap ping | 262 |
| Build/train/purchase | 195 |
| Assign group | 114 |
| Resource trade | 76 |
| Use ability | 33 |
| Misc. action | 25 |
| Esc | 21 |
| Item give/drop | 1 |